Cogmind - Beta 14 @@@ ROGUE MODE // 2024.12.31 @ 10:17:55 Player: Fazzonamite Result: Destroyed by Y-45 Defender with Beam Rifle Performance ------------- Evolutions (1) 500 Regions Visited (3) 600 Robots Destroyed (0) 0 Value Destroyed (0) 0 Prototype IDs (0) 0 Alien Tech Used (0) 0 Bonus (200) 200 TOTAL SCORE: 1300 Bonus ------- Pacifist 200 Cogmind --------- Core Integrity 0/400 Matter 295/300 Energy 90/100 System Corruption 8% Temperature Cool (18) Movement Core (50) Location -9/Storage Parts ------- > --- POWER (1) -------- (None) > --- PROPULSION (2) --- (None) > --- UTILITY (4) ------ Visual Processing Unit Terrain Scan Processor > --- WEAPON (2) ------- (None) > --- INVENTORY (5) ---- Light Ion Engine Drone Bay (2/2) Drone Bay (2/2) Datajack Plasma Cutter Peak State ------------ > --- POWER ------------ (None) > --- PROPULSION ------- Compact Wheel Compact Wheel > --- UTILITY ---------- Small Storage Unit Visual Processing Unit Terrain Scanner Terrain Scan Processor > --- WEAPON ----------- (None) > --- INVENTORY -------- Light Ion Engine Drone Bay Drone Bay Drone Bay Drone Bay Datajack Plasma Cutter [Rating: 10] Favorites ----------- Power Light Ion Engine Engine Light Ion Engine Propulsion Compact Wheel Wheel Compact Wheel Utility Visual Processing Unit Device Terrain Scanner Storage Small Storage Unit Processor Visual Processing Unit Weapon None Build | -11 -10 -9 -9 ------- Run | Yrd Mat Mat Sto Slots Evolved 2 | . . 2 . Power . | . . . . Propulsion . | . . . . Utility 2 | . . 2 . Weapon . | . . . . Parts Attached 9 | 3 . . 6 Power 1 | 1 . . . Engine 1 | 1 . . . Core . | . . . . Reactor . | . . . . Propulsion 4 | 2 . . 2 Treads . | . . . . Leg . | . . . . Wheel 4 | 2 . . 2 Hover . | . . . . Flight . | . . . . Utility 4 | . . . 4 Device 1 | . . . 1 Storage 1 | . . . 1 Processor 2 | . . . 2 Hackware . | . . . . Protection . | . . . . Artifact . | . . . . Weapon . | . . . . Energy Gun . | . . . . Energy Cannon . | . . . . Ballistic Gun . | . . . . Ballistic Cannon . | . . . . Launcher . | . . . . Special Weapon . | . . . . Impact Weapon . | . . . . Slashing Weapon . | . . . . Piercing Weapon . | . . . . Special Melee Weapon . | . . . . Unidentified Prototypes . | . . . . Parts Lost 5 | . 1 . 4 Power 1 | . 1 . . Propulsion 3 | . . . 3 Utility 1 | . . . 1 Weapon . | . . . . Highest Loss Streak 4 | . 1 . 4 To Critical Strikes . | . . . . Average Slot Usage (%) 40 | . 39 22 44 Engine 4 | . 11 . . Wheel 22 | . 28 22 19 Device 2 | . . . 3 Storage 1 | . . . 2 Processor 10 | . . . 18 Peak Build Rating 10 | 3 3 2 10 Average Rating 4 | 2 2 2 6 On Entrance 1 | . 3 2 2 Naked Turns . | . . . . Heaviest Build 6 | 3 3 . 6 Greatest Support 32 | 32 32 32 32 Greatest Overweight (x) 1 | . . . 1 Average Overweight (x) . | . . . . Largest Inventory Capacity 8 | 5 5 5 8 Average Capacity 5 | 5 5 5 5 Most Carried 8 | 5 5 5 8 Average Carried 4 | 2 2 5 5 Final Capacity 5 | 5 5 5 5 Final Carried 5 | 2 5 5 5 Class Distribution -------------------- 100% | Mutant Dominant Class ---------------- Mutant | -10/Materials Mutant | -9/Materials Mutant | -9/Storage Resources | -11 -10 -9 -9 ----------- Run | Yrd Mat Mat Sto Matter Collected 227 | 198 . . 29 Remotely . | . . . . Salvage Created . | . . . . Parts . | . . . . Haulers Intercepted . | . . . . Recyclers Shooed . | . . . . Parts Field Recycled . | . . . . Retrieved Matter . | . . . . Parts Self-Destructed . | . . . . Prevented . | . . . . Kills | -11 -10 -9 -9 ------- Run | Yrd Mat Mat Sto Combat Hostiles Destroyed . | . . . . Classes Destroyed . | . . . . Best Kill Streak . | . . . . Combat Bots Only . | . . . . Max Kills in Single Turn . | . . . . Gunslinging . | . . . . Exploded . | . . . . Melee . | . . . . Uniques/NPCs Destroyed . | . . . . Combat | -11 -10 -9 -9 -------- Run | Yrd Mat Mat Sto Hostile Shots Fired 76 | . 15 . 61 Missed 20 | . 2 . 18 Damage Taken 798 | . 178 . 620 Core 544 | . 137 . 407 Absorbed by Shields . | . . . . Core Remaining (%) 72 | 100 45 . . Volleys Fired . | . . . . Largest . | . . . . Hottest . | . . . . Shots Fired . | . . . . Gun . | . . . . Cannon . | . . . . Launcher . | . . . . Special . | . . . . Kinetic . | . . . . Thermal . | . . . . Explosive . | . . . . Electromagnetic . | . . . . Robot Hit Streak . | . . . . Robot Miss Streak . | . . . . Penetration Max . | . . . . Secondary Targets . | . . . . Shots Hit Robots . | . . . . Core Hits 1 | . . . 1 Critical Kills . | . . . . Critical Parts Destroyed . | . . . . Critical Strikes . | . . . . Melee Attacks . | . . . . Impact . | . . . . Slashing . | . . . . Piercing . | . . . . Sneak Attacks . | . . . . Combat Hostiles . | . . . . Follow-up Attacks . | . . . . Damage Inflicted 22 | . . . 22 Guns . | . . . . Cannons . | . . . . Explosions . | . . . . Melee . | . . . . Ramming 22 | . . . 22 Kinetic . | . . . . Thermal . | . . . . Explosive . | . . . . Electromagnetic . | . . . . Impact . | . . . . Slashing . | . . . . Piercing . | . . . . Highest Corruption 8 | . . . 8 Average Corruption 7 | . . . 7 Corruption Purged . | . . . . Corruption Blocked . | . . . . Effects 1 | . . . 1 Message Errors 1 | . . . 1 Overload Shots . | . . . . Overflow Damage . | . . . . Projectiles . | . . . . Explosions . | . . . . Melee . | . . . . Knockbacks 1 | . . . 1 Impact 1 | . . . 1 Kinetic . | . . . . Secondary . | . . . . Self-Inflicted Damage 8 | . . . 8 Shots . | . . . . Rammed 9 | . . . 9 Targets Rammed 9 | . . . 9 Kicked . | . . . . Crushed . | . . . . Highest Temperature . | . . . . Average Temperature . | . . . . Received Heat Transfer 360 | . 99 . 261 Siege Activations . | . . . . Robots Corrupted . | . . . . Combat Hostiles . | . . . . Parts Fried . | . . . . Impact Corruptions . | . . . . Robots Melted . | . . . . Combat Hostiles . | . . . . Parts Melted . | . . . . Heat Transferred . | . . . . Parts Sabotaged . | . . . . Parts Stolen . | . . . . Parts Stripped . | . . . . Power Chain Reactions . | . . . . Alert | -11 -10 -9 -9 ------- Run | Yrd Mat Mat Sto Peak Influence 60 | . 20 3 60 Initial 3 | . . 3 . Average 16 | . 16 3 22 Maximum Alert Level . | . . . . Low Security (%) 100 | 100 100 100 100 Level 1 . | . . . . Level 2 . | . . . . Level 3 . | . . . . Level 4 . | . . . . Level 5 . | . . . . High Security . | . . . . Max Security . | . . . . Squads Dispatched 1 | . 1 . . Investigation . | . . . . Extermination . | . . . . Reinforcement 1 | . 1 . . Assault . | . . . . Garrison . | . . . . Intercept . | . . . . Searches Triggered . | . . . . Construction Impeded . | . . . . Haulers Reinforced . | . . . . Active Scanning Responses . | . . . . Cargo Convoy Interrupts . | . . . . Stealth | -11 -10 -9 -9 --------- Run | Yrd Mat Mat Sto Distress Signals 2 | . . . 2 Communications Jammed . | . . . . Distress Signals . | . . . . Times Spotted 14 | . 4 . 10 Peak Tracking Total 9 | . 3 . 9 Tactical Retreats . | . . . . Traps | -11 -10 -9 -9 ------- Run | Yrd Mat Mat Sto Traps Triggered 1 | . . . 1 Indirectly . | . . . . Trap Hack Attempts . | . . . . Triggered . | . . . . Disarmed . | . . . . Reprogrammed . | . . . . Reused . | . . . . Traps Extracted . | . . . . Installed . | . . . . Triggered . | . . . . Machines | -11 -10 -9 -9 ---------- Run | Yrd Mat Mat Sto Machines Disabled . | . . . . Max in Single Turn . | . . . . Machines Repaired . | . . . . Machines Dismantled . | . . . . Machines Sabotaged . | . . . . Overloaded Fab Kills . | . . . . Hacking | -11 -10 -9 -9 --------- Run | Yrd Mat Mat Sto Machines Accessed 3 | . 1 . 2 Terminals 3 | . 1 . 2 Fabricators . | . . . . Repair Stations . | . . . . Recycling Units . | . . . . Scanalyzers . | . . . . Garrison Access . | . . . . Total Hacks 4 | . 1 . 3 Successful 4 | . 1 . 3 Failed . | . . . . Catastrophic . | . . . . Database Lockouts . | . . . . Manual 2 | . 1 . 1 Terminals 4 | . 1 . 3 Fabricators . | . . . . Repair Stations . | . . . . Recycling Units . | . . . . Scanalyzers . | . . . . Garrison Access . | . . . . Terminal Hacks 2 | . . . 2 Robot Analysis 1 | . . . 1 Open Door 1 | . . . 1 Fabricator Hacks . | . . . . Repair Station Hacks . | . . . . Recycling Unit Hacks . | . . . . Scanalyzer . | . . . . Garrison Access Hacks . | . . . . Unauthorized Hacks 2 | . 1 . 1 Terminals 2 | . 1 . 1 Botnet 2 | . 1 . 1 Fabricators . | . . . . Repair Stations . | . . . . Recycling Units . | . . . . Scanalyzers . | . . . . Garrison Access . | . . . . Data Cores Recovered . | . . . . Used . | . . . . Hacking Detections 2 | . 1 . 1 Full Trace Events . | . . . . Feedback Events . | . . . . Feedback Blocked . | . . . . Robot Schematics Acquired . | . . . . Robots Built . | . . . . Authchips . | . . . . Time . | . . . . Total Robot Build Rating . | . . . . Part Schematics Acquired . | . . . . Parts Built . | . . . . Authchips . | . . . . Time . | . . . . Total Part Build Rating . | . . . . Parts Repaired . | . . . . Time . | . . . . Parts Recycled . | . . . . Recycled Matter . | . . . . Retrieved Matter . | . . . . Retrieved Components . | . . . . Parts Scanalyzed . | . . . . Part Schematics Acquired . | . . . . Parts Damaged . | . . . . Bothacking | -11 -10 -9 -9 ------------ Run | Yrd Mat Mat Sto Used RIF Installer . | . . . . Robots Hacked . | . . . . Non-combat . | . . . . Combat . | . . . . Robot Hacks Applied . | . . . . Relay Couplers Released . | . . . . Fabnet Peak Effective % . | . . . . Robots Rewired . | . . . . Allies Hacked . | . . . . Hacks Repelled . | . . . . Allies | -11 -10 -9 -9 -------- Run | Yrd Mat Mat Sto Total Allies . | . . . . Largest Group . | . . . . Highest-Rated Group . | . . . . Highest-Rated Ally . | . . . . Total Orders . | . . . . Ally Attacks . | . . . . Total Damage . | . . . . Kills . | . . . . Allies Corrupted . | . . . . Allies Melted . | . . . . Intel | -11 -10 -9 -9 ------- Run | Yrd Mat Mat Sto Robot Analysis Total 1 | . . . 1 Derelict Logs Recovered . | . . . . Drone Launches . | . . . . Drone Recoveries . | . . . . Exploration | -11 -10 -9 -9 ------------- Run | Yrd Mat Mat Sto Turns Passed 342 | 37 110 27 168 Spaces Moved 306 | 32 107 28 139 Core 8 | 5 . . 3 Treads . | . . . . Legs . | . . . . Wheels 298 | 27 107 28 136 Hover . | . . . . Flight . | . . . . Fastest Speed 50 | 50 100 100 80 Average Speed 98 | 92 100 100 98 Slowest Speed 100 | 100 100 100 100 Overloaded Moves . | . . . . Propulsion Burnouts . | . . . . Robots Hopped . | . . . . Cave-ins Triggered . | . . . . Exploration Rate (%) 19 | 3 26 5 45 Regions Visited 3 Branch Regions 1 Pre-discovered Areas . | . . . . Known Exits Taken . | . . . . Unknown Exits Taken 3 | 1 1 1 . Scrap Searched . | . . . . Spaces Dug . | . . . . Terrain Destroyed . | . . . . Melee . | . . . . Projectile . | . . . . AOE . | . . . . Terrain Rammed . | . . . . Walls Destroyed . | . . . . Machines Disabled . | . . . . Actions | -11 -10 -9 -9 --------- Run | Yrd Mat Mat Sto Total 346 | 39 110 27 170 Wait 9 | . 1 . 8 Move 303 | 31 106 27 139 Hop . | . . . . Pick Up 14 | 5 3 . 6 Fast Attach 3 | . . . 3 Attach 6 | 3 . . 3 Detach . | . . . . Swap . | . . . . Drop 2 | . . . 2 Fire . | . . . . Melee . | . . . . Ram 9 | . . . 9 Kick . | . . . . Crush . | . . . . Escape Stasis . | . . . . Rewire . | . . . . Trap . | . . . . Miscellaneous . | . . . . Route ------- -11/Scrapyard -10/Materials -9/Materials -9/Storage History --------- Turn | Location | Event 16 | -11/Scrapyard | Discovered new exit (range 16) 38 | -11/Scrapyard | Entered Materials 98 | -10/Materials | Discovered new exit (range 16) 139 | -10/Materials | Core integrity fell below 50% 148 | -10/Materials | Entered another Materials area 148 | -9/Materials | Evolved 2 slots: Utility x2 164 | -9/Materials | Discovered new exit (range 12) 175 | -9/Materials | Entered Storage 301 | -9/Storage | Build established: Mutant 324 | -9/Storage | Core integrity fell below 50% 329 | -9/Storage | Core integrity fell below 20% 343 | -9/Storage | Destroyed by Y-45 Defender with Beam Rifle Last Messages --------------- 00323_ Visual Processing Unit temporarily disabled. 00324_ Slammed into Y-45 Defender. 00324_ Critical hit (Burn: +37). 00325_ Slammed into Y-45 Defender. 00325_ Destabilizing: System corrupted (+1). 00326_ Slammed into Y-45 Defender. 00328_ K-01 Serf destroyed. 00330_ Acquired Wheel. 00331_ A-02 Transporter destroyed. 00332_ Acquired 13 matter. 00334_ Triggered Blade Trap. 00334_ Massive razor-sharp blades shoot up from within the floor. 00334_ Wheel severed. 00335_ Acquired Wheel. 00338_ R-06 Scavenger collects Sml. Matter Pod. 00339_ :E3SDVBC4 VIM:=ET0F00BR%S5#LE3 00343_ Wheel destroyed. 00343_ Dropped Sml. Storage Unit. Map ----- +----------------------------------------------------+ | " # #????##?#?#??#??#???????????????????????? | | # #???????##?#?#?#????????#???????????????? | | ?# #?#?#####?????#?#???????????? ?#????????? | | ?# ###### #####?????#?#????????????????????? | | ? # ## #?##########??#??????????????? | | ??# ## """ """ #??##T#!!!!#???????????#?????? | | #####+##+## """ """ #??# | #??##??? ?????????? | | # """ """ ##?# # #?????????????????? | | + #??# ######????? ???????????? | | # #??##+########## #????????? | | ########### ##### ??????? | | #?????#?#?# / Yu#####+##???/?????????? | | ##????#??################r=[# ? ?????????????????? | | #???#?#?#?????##?##?#??## [[#?? ??? ???????????? | | #?#????#???????????#????#uYY#?? ?? ?????????????? | | #??????#????????###????##gY #???? ?? ????????????? | | ####??###??#??#?#??#?#??#Y g#???????#????????????? | | # "[[[[#?#??#????#?#??## #????????????????????? | | + #??##???#???????# # ???????????????????? | | # "]]]]###???????####### # ???????????????????? | | ##T##???#????#????? # # ??? ???????????????? | | #?##?????????#?? ?????" + +???"????????????????? | | #?????????????????????" # #?"??????????????????? | | #??#####?????#???"?? ?" # #????????????????????? | | #? ???????#? ?????" +! #????????????????????? | | #?"""" ??????????? #@! #????????????????????? | | # """" ??????# # #????????????????????? | | # """" #?????# # #????????????????????? | | + """" #?????# # #????????????????????? | | # #?????########## #????????????????????? | | # #??????????????# ##????????????????????? | | #? #??????????????# #?????????????????????? | | #? #??????????????# #?????????????????????? | | #??#######??????????????# #?????????????????????? | | #???????????????????????? #?????????????????????? | | #???????????????????????? #?????????????????????? | | ###########?????????????? #?????????????????????? | | # #?????????????? #?????????????????????? | | # #?????????????? ??????????????????????? | | # #?????????????? ??????????????????????? | | # """" #?????????????? ??????????????????????? | | + """" #??????????????????????????????????????? | | # """" ???????????????????????????????????????? | | # """" ????????????????????????????????????????? | | # ???????????????????????????????????????? | | ##########???????????????????????????????????????? | | # #???????????????????????????????????????? | | # """#???????????????????????????????????????? | | # R"#???????????????????????????????????????? | | # !! """#???????????????????????????????????????? | +----------------------------------------------------+ Best States ------------- Heat Dissipation 28 Energy Generation 10 Energy Capacity 125 Matter Stores 297 Matter Capacity 300 Sight Range 18 Terrain Scan Range 14 Terrain Scan Density 85 Evasion (%) 44 Item Schematics ----------------- None Robot Schematics ------------------ None Fabricated ------------ Nothing Alien Tech Used ----------------- None Achievements -------------- None Challenges ------------ None Game ------ Seed PointArmorCanceller Manual? 0 Play Time 00:10:26 Cumulative 131.5 hours Start 2024.12.31 @ 10:08:49 End 2024.12.31 @ 10:17:55 Sessions 1 Manual Loads 0 Difficulty Rogue Special Mode None Game No. 97 Rogue 97 Adventurer 0 Explorer 0 Win Type - Total 2 Types 2/0/0/0/0/0/0/0/0 Lore% 43 Gallery% 51 Achievement% 44 Wizard Run 0 Options --------- Layout 2 ASCII 0 Keyboard 0 Movement Mouse Keybinds 0 Fullscreen 1 Font 48/Smallcaps Map View 50x44 Zoom Use 0% Tactical HUD 1 Map Filters NONE Filters NONE Steam 1 RUN: 94e6c79b-4606-401e-bd79-950bbf3ecdc3